 Dungeon Crawl Stone Soup version 0.27.1 (webtiles) character file.

Game seed: 3117111406039483229

732652 dracomuter the Conqueror (level 27, -12/273 HPs)
             Began as a Ghoul Fighter on Aug 31, 2021.
             Was the Champion of Makhleb.
             Killed from afar by a Brimstone Fiend (38 damage)
             ... with damnation
             ... on level 7 of Gehenna on Sept 1, 2021.
             The game lasted 05:36:36 (84608 turns).

dracomuter the Conqueror (Ghoul Fighter)           Turns: 84608, Time: 05:36:36

Health: -12/273    AC: 36    Str: 24    XL:     27
Magic:  36/36      EV: 12    Int: 10    God:    Makhleb [******]
Gold:   4396       SH: 33    Dex:  8    Spells: 34/36 levels left

rFire    + + +     SeeInvis .   a - +9 broad axe (freeze)
rCold    + + +     Faith    .   x - +3 tower shield of Duck's Teeth {Rampage rF+}
rNeg     + + +     Spirit   .   D - +5 storm dragon scales
rPois    ∞         Reflect  +   K - +2 helmet {Int+3}
rElec    +         Harm     .   V - +3 cloak of Divine Contentment {rCorr}
rCorr    +         Rampage  +   m - +1 pair of gloves {Stlth+}
Will     ++++.                  C - +2 pair of boots
Stlth    ..........             w - amulet of reflection
HPRegen  0.00/turn              n - ring "Mekiu" {Fly rPois rF+ Will++ Str-5}
MPRegen  0.25/turn              c - ring "Idos" {Drain Fly rElec rF+ rC++}

@: flying, inhibited regen, studying Necromancy
A: claws 1, cold resistance 1, negative energy resistance 3, inhibited
regeneration, torment resistance 2
}: 5/15 runes: barnacled, slimy, silver, abyssal, gossamer
a: Renounce Religion, Minor Destruction, Lesser Servant of Makhleb, Major
Destruction, Greater Servant of Makhleb


You were on level 7 of Gehenna.
You worshipped Makhleb.
Makhleb was exalted by your worship.
You visited 12 branches of the dungeon, and saw 58 of its levels.
You visited the Abyss 3 times.
You visited 1 bazaar.
You also visited: Ossuary, Gauntlet and Ice Cave.

You collected 10708 gold pieces.
You spent 6312 gold pieces at shops.

Inventory:

Hand Weapons
 a - a +9 broad axe of freezing (weapon)
 b - a +9 broad axe of flaming
Missiles
 t - 8 throwing nets (quivered)
 z - 18 curare-tipped darts
Armour
 m - a +1 pair of gloves of stealth (worn)
 x - the +3 tower shield of Duck's Teeth (worn) {Rampage rF+}
   (You bought it in a shop on level 3 of the Depths)

   rF:        It protects you from fire.
   Rampage:   It bestows one free step when moving towards enemies.
 C - a +2 pair of boots (worn)
 D - +5 storm dragon scales (worn)
 K - a +2 helmet of intelligence (worn)
 V - the +3 cloak of Divine Contentment (worn) {rCorr}
   (You found it on level 3 of the Shoals)

   rCorr:     It protects you from acid and corrosion.
Jewellery
 c - the ring "Idos" (right hand) {Drain Fly rElec rF+ rC++}
   (You found it on level 3 of the Elven Halls)

   [ring of protection from fire]

   rF:        It protects you from fire.
   rC:        It greatly protects you from cold.
   rElec:     It insulates you from electricity.
   Fly:       It grants you flight.
   Drain:     It drains your maximum health when unequipped.
 n - the ring "Mekiu" (left hand) {Fly rPois rF+ Will++ Str-5}
   (You bought it in a shop in a bazaar)

   [ring of flight]

   Str:       It affects your strength (-5).
   rF:        It protects you from fire.
   rPois:     It protects you from poison.
   Fly:       It grants you flight.
   Will:      It greatly increases your willpower.
 q - a ring of protection from cold
 w - an amulet of reflection (around neck)
 F - the ring "Yqinoac" {Will+ Dex-2 Slay+5}
   (You acquired it on level 9 of the Dungeon)

   [ring of willpower]

   Dex:       It affects your dexterity (-2).
   Slay:      It affects your accuracy & damage with ranged weapons and melee
   (+5).
   Will:      It increases your willpower.
 I - a ring of protection from fire
 X - a ring of see invisible
Wands
 i - a wand of iceblast (65)
 j - a wand of acid (20)
 o - a wand of charming (27)
 E - a wand of digging (18)
 Q - a wand of paralysis (46)
Scrolls
 g - 7 scrolls of fog
 p - 3 scrolls of silence
 u - 21 scrolls of teleportation
 y - 4 scrolls of summoning
 B - 2 scrolls of magic mapping
 H - 3 scrolls of torment
 L - 8 scrolls of fear
 N - 11 scrolls of blinking
 R - 22 scrolls of identify
 T - 7 scrolls of immolation
Potions
 e - 8 potions of cancellation
 h - 5 potions of invisibility
 k - 5 potions of ambrosia
 r - 12 potions of curing
 A - 4 potions of might
 J - 4 potions of resistance
 O - 9 potions of heal wounds
 P - 4 potions of haste
 U - 3 potions of magic
Miscellaneous
 f - a condenser vane
 G - a tin of tremorstones (2/2)
 M - a lightning rod (4/4)
 W - a phantom mirror


   Skills:
 O Level 27 Fighting
 - Level 18.0 Axes
 + Level 15.5 Armour
 + Level 12.5 Dodging
 - Level 25.0 Shields
 - Level 5.0 Spellcasting
 - Level 12.0 Translocations
 - Level 20.0 Invocations
 - Level 15.0 Evocations


You had 34 spell levels left.
You knew the following spells:

 Your Spells              Type           Power      Damage    Failure   Level
b - Blink                 Tloc           N/A        N/A       1%          2

Your spell library contained the following spells:

 Spells                   Type           Power      Damage    Failure   Level
 Apportation              Tloc           52%        N/A       1%          1
 Gell's Gravitas          Tloc           13%        N/A       1%          3
 Lesser Beckoning         Tloc           13%        N/A       1%          3
 Teleport Other           Tloc           26%        N/A       1%          3
 Passage of Golubria      Tloc           N/A        N/A       7%          4
 Manifold Assault         Tloc           26%        N/A       19%         5
 Animate Skeleton         Necr           4%         N/A       67%         1
 Corona                   Hex            2%         N/A       67%         1
 Foxfire                  Conj/Fire      8%         2x1d4     67%         1
 Pain                     Necr           8%         1d4       67%         1
 Summon Small Mammal      Summ           8%         N/A       67%         1
 Corpse Rot               Necr/Air       N/A        N/A       80%         2
 Ensorcelled Hibernation  Hex/Ice        4%         N/A       80%         2
 Passwall                 Tmut/Erth      1%         N/A       80%         2
 Poisonous Vapours        Pois/Air       4%         N/A       80%         2
 Slow                     Hex            2%         N/A       80%         2
 Static Discharge         Conj/Air       2%         N/A       80%         2
 Summon Forest            Summ/Tloc      7%         N/A       91%         5
 Call Canine Familiar     Summ           2%         N/A       95%         3
 Confusing Touch          Hex            2%         N/A       95%         3
 Conjure Flame            Conj/Fire      2%         6-21      95%         3
 Frozen Ramparts          Ice            4%         1d2       95%         3
 Ignite Poison            Fire/Tmut/Pois 2%         N/A       95%         3
 Inner Flame              Hex/Fire       2%         N/A       95%         3
 Mephitic Cloud           Conj/Pois/Air  2%         N/A       95%         3
 Ozocubu's Armour         Ice            2%         N/A       95%         3
 Summon Guardian Golem    Hex/Summ       2%         N/A       95%         3
 Swiftness                Air            2%         N/A       95%         3
 Tukima's Dance           Hex            2%         N/A       95%         3
 Vampiric Draining        Necr           1%         2d6       95%         3
 Airstrike                Air            1%         N/A       100%        4
 Animate Dead             Necr           1%         N/A       100%        4
 Hailstorm                Conj/Ice       2%         3d3       100%        4
 Leda's Liquefaction      Hex/Erth       1%         N/A       100%        4
 Olgreb's Toxic Radiance  Pois           2%         N/A       100%        4
 Sticky Flame             Conj/Fire      2%         2d3       100%        4
 Summon Ice Beast         Ice/Summ       2%         N/A       100%        4
 Summon Lightning Spire   Summ/Air       2%         N/A       100%        4
 Agony                    Necr           2%         N/A       100%        5
 Alistair's Intoxication  Tmut/Pois      1%         N/A       100%        5
 Bolt of Magma            Conj/Fire/Erth 1%         4d4       100%        5
 Excruciating Wounds      Necr           1%         N/A       100%        5
 Freezing Cloud           Conj/Ice/Air   1%         6-21      100%        5
 Irradiate                Conj/Tmut      1%         3d13      100%        5
 Lightning Bolt           Conj/Air       1%         1d12      100%        5
 Metabolic Englaciation   Hex/Ice        1%         N/A       100%        5
 Yara's Violent Unravell  Hex/Tmut       1%         3d3       100%        5
 Invisibility             Hex            1%         N/A       100%        6
 Simulacrum               Ice/Necr       1%         N/A       100%        6
 Haunt                    Necr/Summ      1%         N/A       100%        7
 Orb of Destruction       Conj           1%         N/A       100%        7
 Ozocubu's Refrigeration  Ice            1%         4d5       100%        7
 Spellforged Servitor     Conj/Summ      1%         N/A       100%        7
 Ignition                 Fire           1%         3d3       100%        8
 Infestation              Necr           1%         N/A       100%        8
 Maxwell's Capacitive Co  Air            1%         ∞         100%        8
 Ice Form                 Ice/Tmut       Unusable   N/A       N/A         4
 Blade Hands              Tmut           Unusable   N/A       N/A         5
 Statue Form              Tmut/Erth      Unusable   N/A       N/A         6
 Dragon Form              Tmut           Unusable   N/A       N/A         7

Dungeon Overview and Level Annotations

Branches:
Dungeon (15/15)            Temple (1/1) D:4            Lair (6/6) D:8
 Shoals (4/4) Lair:3       Spider (4/4) Lair:3        Slime (5/5) Lair:5
    Orc (2/2) D:12            Elf (3/3) Orc:2        Vaults (5/5) D:14
  Crypt (0/3) Vaults:3     Depths (5/5) D:15           Hell (visited)
    Dis (0/7) Hell            Geh (7/7) Hell            Coc (0/7) Hell
    Tar (0/7) Hell            Zot (0/5) Depths:5    Ossuary (visited)
  IceCv (visited)         Gauntlet (visited)

Altars:
Ashenzari
Cheibriados
Dithmenos
Elyvilon
Fedhas
Gozag
Hepliaklqana
Kikubaaqudgha
Makhleb
Nemelex Xobeh
Okawaru
Qazlal
Ru
Sif Muna
Trog
Uskayaw
Vehumet
Wu Jian
Xom
Yredelemnul
Zin
The Shining One
Jiyva

Shops:
D:1 [   D:2 (   D:3 *   D:11 [[   Orc:1 ::[   Orc:2 *[:(?   Elf:3 ?[(
Shoals:2 !   Vaults:2 ?(   Depths:3 ([

Portals:
Hell: Depths:1 Depths:2 Depths:3 Depths:4 Depths:5
Abyss: Depths:4 Depths:5
Pandemonium: Depths:1 Depths:3 Depths:5
Ziggurat: Depths:3

Annotations:
D:7 2 transporters, sm0rk's ghost, novice HONe
Depths:3 2 transporters


Innate Abilities, Weirdness & Mutations

You thrive by killing the living.
You are immune to poison.
You have sharp fingernails.
Your flesh is cold resistant. (rC+)
You are immune to negative energy. (rN+++)
You do not regenerate when monsters are visible.
You are immune to unholy pain and torment.


Message History

The damnation engulfs the Brimstone Fiend.
The Brimstone Fiend completely resists.
Unknown command.
You hit the Brimstone Fiend. You freeze the Brimstone Fiend.
The Brimstone Fiend is moderately wounded.
The Brimstone Fiend gestures at you.
The sphere of damnation explodes!
The damnation engulfs you!!
* * * LOW HITPOINT WARNING * * *
The damnation engulfs the Brimstone Fiend.
The Brimstone Fiend completely resists.
Unknown command.
You feel much better. You block the Brimstone Fiend's attack.
The Brimstone Fiend hits you.
* * * LOW HITPOINT WARNING * * *
You block the Brimstone Fiend's attack.
You hit the Brimstone Fiend. You freeze the Brimstone Fiend.
The Brimstone Fiend is moderately wounded.
You slash the Brimstone Fiend! You freeze the Brimstone Fiend.
The Brimstone Fiend is heavily wounded.
The Brimstone Fiend gestures at you.
The sphere of damnation explodes!
The damnation engulfs you!!!
* * * LOW HITPOINT WARNING * * *
The damnation engulfs the Brimstone Fiend.
The Brimstone Fiend completely resists.
Unknown command.
Unknown command.
You feel much better.
The Brimstone Fiend hits you but does no damage.
You block the Brimstone Fiend's attack. x2
You slash the Brimstone Fiend! You freeze the Brimstone Fiend!
The Brimstone Fiend is almost dead.
The Brimstone Fiend gestures at you.
The sphere of damnation explodes!
The damnation engulfs you!!!
* * * LOW HITPOINT WARNING * * *
The damnation engulfs the Brimstone Fiend.
The Brimstone Fiend completely resists.
You feel much better. The Brimstone Fiend gestures at you.
The sphere of damnation explodes!
The damnation engulfs you!!!
You die...

###≈≈≈≈≈≈≈≈≈≈§§§§≈≈≈≈§≈##≈§§§.§§#
..#≈≈≈≈§§≈*#§≈§§≈≈§≈§§≈##≈§≈≈§.≈#
..+§≈≈≈§§§##≈§§§§≈§..≈§§≈§§≈≈..§#
..+≈≈≈≈§≈§≈§≈§§§§≈≈##.§≈≈§≈≈...≈#
..#≈≈§§≈≈§§≈§§§§≈≈≈##.§≈≈§§≈..§≈#
+##§≈§§§≈≈≈≈§§....≈≈≈≈≈≈≈§§≈≈..≈#
.###≈≈§≈≈§§§§≈./).§≈≈≈§≈≈§≈≈≈).≈#
...#≈≈≈≈§≈§≈§§.?§1≈≈§§≈≈≈≈≈1§).≈#
...+≈≈≈§≈§§≈≈≈..@###########)..≈#
.#.#≈§§##§§≈≈§≈≈≈#*********#..≈≈#
.#.+≈≈≈##§§)##§§≈#*,,,*,,,,#..§≈#
...#≈≈≈≈≈§§.##≈≈§#*,,,+,,,,#..§§#
#'##≈≈≈≈≈≈≈≈..≈§≈#*,,,*,,,,#..§§#
..###≈≈≈≈§≈≈≈≈≈§§#**+**,,,,#1.§§#
....#≈≈§≈##§≈§§§≈#*,,,,**,*#..§≈#
#...+≈≈≈≈##≈≈§≈≈≈#*,,,,*,,,#..≈§#
.#..#≈§≈§§§§≈≈≈≈≈#*,,,,,,,,...§≈#


You could see a Brimstone Fiend.

Vanquished Creatures
  the Royal Jelly (Slime:5)
  the Serpent of Hell (Geh:7)
  3 dread liches
  An ancient lich (Abyss:3)
  A juggernaut (Depths:4)
  Sojobo (Depths:3)
  14 caustic shrikes
  Geryon (Hell)
  Margery (Vaults:4)
  7 golden dragons
  Jory (Vaults:2)
  The ghost of Xachuts the Warrior, an adept DgCj (Depths:2)
  2 bone dragons (Abyss:3)
  12 Brimstone Fiends
  7 liches
  6 tentacled monstrosities
  6 titans
  A deep elf blademaster (Elf:3)
  3 quicksilver dragons
  3 deep elf master archers
  A kraken (Abyss:2)
  12 sphinxes
  13 acid blobs
  7 tentacled starspawn
  Gastronok (D:9)
  Frances (D:14)
  The ghost of Rrauwl the Severer, an adept MiAK of Lugonu (Elf:3)
  3 shadow dragons
  6 tengu reavers
  The ghost of RichitheSlayer the Fencer, an adept HuBe of Trog (D:13)
  Roxanne (Elf:2)
  2 rockslimes (Slime:5)
  5 storm dragons
  7 deep elf sorcerers
  15 fire giants
  4 spectral caustic shrikes (Depths:2)
  5 orc warlords
  5 emperor scorpions
  8 azure jellies
  5 ghost moths
  4 iron dragons
  Louise (Shoals:4)
  13 vault wardens
  16 balrugs
  A draconian shifter (Depths:5)
  A curse skull (Hell)
  7 deep elf elementalists
  12 frost giants
  34 very ugly things
  3 spriggan defenders (D:15)
  7 quicksilver oozes
  13 reapers
  23 ironbound preservers
  7 war gargoyles
  16 stone giants
  3 green draconians (Depths:5)
  The ghost of Fifowuza the Grappler, a journeyman DrTm of Wu Jian (Lair:3)
  5 deep elf demonologists
  5 vampire knights
  A minotaur (Gauntlet)
  2 black draconians (Depths:5)
  A lorocyproca (Abyss:3)
  Azrael (D:13)
  A white draconian (Depths:5)
  An entropy weaver (Vaults:3)
  A spark wasp (Spider:4)
  11 deep elf annihilators
  A purple draconian (Abyss:3)
  12 dire elephants
  A red draconian (Depths:5)
  A spark wasp (shapeshifter) (Vaults:5)
  3 eidola
  Sonja (Lair:3)
  5 blizzard demons
  7 merfolk javelineers
  9 merfolk impalers
  7 deep elf death magi
  A fire dragon (shapeshifter) (D:14)
  A green death (Abyss:3)
  A crystal guardian (Vaults:4)
  3 jiangshi (Depths:3)
  13 ettins
  13 deep elf high priests
  2 quicksilver dragon zombies
  9 yaktaur captains
  7 fire dragons
  30 vault guards
  An ice dragon (shapeshifter) (Vaults:5)
  4 rakshasas
  11 ice dragons
  3 spriggan air magi
  5 ironbound thunderhulks
  Harold (Orc:1)
  14 great orbs of eyes
  2 peacekeepers (Vaults:4)
  5 merfolk aquamancers
  5 ogre magi
  3 hydras
  A juggernaut simulacrum (Depths:4)
  2 ironbound frosthearts
  2 merfolk avatars
  9 boulder beetles
  A catoblepas (Lair:3)
  18 centaur warriors
  17 deep troll shamans
  29 dancing weapons
  A death knight (D:15)
  33 hell hogs
  2 death scarabs (Gauntlet)
  4 vampire magi
  18 deep troll earth magi
  3 spriggan berserkers
  14 two-headed ogres
  3 orc high priests (Orc:2)
  10 tengu warriors
  10 death yaks
  7 thrashing horrors
  Urug (D:11)
  72 hell knights
  An iron golem (Geh:5)
  17 deep elf knights
  9 ironbound beastmasters
  3 titan zombies
  9 wretched stars (Abyss:3)
  A fire crab (shapeshifter) (Elf:1)
  23 sun demons
  2 storm dragon zombies
  A spectral catoblepas (Gauntlet)
  6 soul eaters (Hell)
  19 iron trolls
  2 sixfirhies
  3 spectral death yaks
  3 titan skeletons
  An anaconda zombie (Hell)
  A storm dragon skeleton (Depths:4)
  A spark wasp zombie (Hell)
  A spectral anaconda (Lair:6)
  A spatial maelstrom (Abyss:3)
  A golden dragon zombie (Hell)
  11 skeletal warriors
  A shadow wraith (Vaults:5)
  12 sea snakes
  80 deep trolls
  8 glowing orange brains
  6 flayed ghosts
  5 deep elf archers
  12 phantasmal warriors
  A shadow dragon zombie (Hell)
  An obsidian statue (Lair:6)
  2 tengu zombies
  A sphinx zombie (Depths:4)
  28 necromancers
  14 wizards
  14 ironbound convokers
  A wolf spider zombie (Hell)
  2 anaconda skeletons
  9 lindwurms
  A mana viper (shapeshifter) (Vaults:5)
  A wolf spider (shapeshifter) (Vaults:2)
  4 fire giant zombies
  5 shining eyes
  20 orb spiders
  34 deep elf pyromancers
  17 orc knights
  A golden dragon skeleton (Geh:4)
  23 harpies
  A tengu skeleton (Depths:4)
  A will-o-the-wisp (Abyss:3)
  3 shadow dragon skeletons
  21 deep elf zephyrmancers
  2 orc sorcerers (Orc:2)
  3 frost giant zombies
  2 iron dragon zombies (Geh:4)
  6 stone giant zombies
  A moth of wrath (Spider:4)
  19 manticores
  71 ugly things
  10 fauns
  2 moths of wrath (shapeshifter)
  2 apocalypse crabs
  5 worldbinders
  15 elephants
  9 cyclopes
  32 wolf spiders
  10 rust devils
  2 fire giant skeletons
  2 guardian serpents (shapeshifter)
  A guardian serpent (Abyss:3)
  17 molten gargoyles
  2 iron dragon skeletons
  8 merfolk sirens
  A shock serpent zombie (Geh:1)
  2 torpor snails (Spider:1)
  A naga mage (D:15)
  An eye of devastation (Slime:3)
  7 black mambas
  17 vault sentinels
  17 smoke demons
  2 frost giant skeletons
  19 water nymphs
  A black mamba (shapeshifter) (Depths:5)
  3 ice statues
  An orange demon (Abyss:3)
  6 dire elephant skeletons
  A titan simulacrum (Depths:4)
  2 unseen horrors
  10 cane toads
  A kobold demonologist (D:10)
  14 hellions
  2 catoblepas zombies
  An elf zombie (Depths:4)
  A rime drake (Lair:3)
  A minotaur zombie (Geh:5)
  5 tormentors
  2 entropy weaver simulacra (IceCv)
  9 freezing wraiths
  A hellwing (Depths:3)
  5 komodo dragons
  21 yaktaurs
  2 ice devils
  14 demonic crawlers
  A yaktaur (shapeshifter) (D:11)
  7 efreet
  23 red devils
  6 harpy zombies
  4 hydra zombies
  A sea snake skeleton (Hell)
  2 tengu conjurers
  2 catoblepas skeletons
  31 merfolk
  22 jumping spiders
  A jumping spider (shapeshifter) (D:15)
  5 meliai (Abyss:3)
  9 trolls
  10 ancient zymes
  12 hornets
  3 hydra skeletons (Hell)
  13 wind drakes
  A polar bear (shapeshifter) (Depths:4)
  5 ettin zombies
  A merfolk (shapeshifter) (Elf:3)
  A hornet (shapeshifter) (Abyss:3)
  4 polar bears
  3 ice dragon zombies
  A queen bee (Abyss:3)
  13 blink frogs
  2 harpy skeletons
  A spectral elephant (Lair:6)
  Grinder (D:4)
  A stone giant simulacrum (Abyss:2)
  13 dream sheep
  49 slime creatures
  An iron dragon simulacrum (Abyss:3)
  3 deep troll zombies (Hell)
  A spectral dream sheep (Gauntlet)
  A fire giant simulacrum (Vaults:4)
  5 raiju
  2 fire dragon zombies
  An alligator zombie (Hell)
  A spectral black mamba (Gauntlet)
  9 snapping turtles
  An alligator skeleton (Hell)
  2 vampires
  49 redbacks
  43 flying skulls
  2 ice dragon skeletons (Geh:4)
  Sigmund (D:6)
  10 spriggans
  14 wraiths
  2 ynoxinuls
  6 wyverns
  25 water elementals
  10 air elementals
  10 shadows
  4 fire dragon skeletons (Geh:7)
  2 ettin skeletons
  36 tarantellas
  5 fire bats
  37 yaks
  2 golden eyes (Slime:5)
  16 large abominations
  6 neqoxecs
  19 fire elementals
  3 basilisks
  A black mamba skeleton (Geh:4)
  A death yak simulacrum (Lair:6)
  A human (shapeshifter) (D:13)
  5 chaos spawn
  An elf skeleton (Depths:4)
  An elf simulacrum (Depths:4)
  A red draconian simulacrum (Hell)
  7 vampire mosquitoes
  A spatial vortex (Abyss:3)
  8 wargs
  A hydra simulacrum (Hell)
  A demonic crawler simulacrum (IceCv)
  4 spectral cane toads (Lair:6)
  3 acid dragons
  17 water moccasins
  30 hell hounds
  4 floating eyes
  A human skeleton (Vaults:4)
  3 human zombies
  A manticore zombie (Shoals:3)
  30 orc warriors
  A sky beast (D:6)
  2 ugly thing simulacra (IceCv)
  2 black bears
  A cane toad skeleton (Geh:4)
  2 ice beasts (Abyss:3)
  3 necrophages
  A boggart (Lair:4)
  2 elephant zombies (Lair:6)
  15 wolves
  11 ogres
  12 centaurs
  An elephant skeleton (Lair:6)
  3 phantoms
  5 kobold brigands
  10 bullfrogs
  9 small abominations
  2 cane toad simulacra (Lair:6)
  A gnoll sergeant (D:4)
  7 earth elementals
  2 glowing shapeshifter simulacra (IceCv)
  A wyvern zombie (D:8)
  A scorpion (D:5)
  4 killer bees (D:9)
  An elephant simulacrum (Lair:6)
  13 wights
  A vampire bat (Orc:1)
  2 howler monkeys
  6 electric eels
  2 crimson imps (Geh:3)
  A bullfrog zombie (D:6)
  11 centaur zombies
  4 quasits
  21 starcursed masses
  3 jellies
  5 hounds
  9 orc priests
  2 gnoll shamans
  A scorpion zombie (D:5)
  Ijyb (D:4)
  17 orc wizards
  A lightning spire (Gauntlet)
  6 hell rats (Lair:6)
  A killer bee zombie (D:6)
  2 howler monkey zombies
  Robin (D:3)
  15 gnolls
  9 adders
  A shadow imp (D:7)
  3 white imps
  4 ufetubi
  3 adder zombies (Ossuary)
  7 worms
  A dart slug (D:3)
  54 orcs
  8 ball pythons
  5 endoplasms
  4 giant cockroaches
  13 goblins
  16 hobgoblins
  3 quokkas
  3 ball python skeletons (Ossuary)
  10 bats
  A frilled lizard (D:1)
  16 kobolds
  2 kobold zombies (Ossuary)
  An orc skeleton (Geh:6)
  An orc zombie (Ossuary)
  4 rats
  2 plants
  12 starspawn tentacles
  3 tentacles (Abyss:2)
2750 creatures vanquished.

Vanquished Creatures (collateral kills)
  the Enchantress (D:15)
  Jorgrun (Shoals:3)
  A quicksilver ooze (IceCv)
  An ironbound thunderhulk (Vaults:3)
  A hydra (Lair:3)
  An orc knight (Orc:1)
  A wolf spider (Spider:4)
  4 orb spiders (Spider:4)
  An ugly thing (D:14)
  2 merfolk (Shoals:3)
  A hornet (D:15)
  3 dream sheep (Lair:4)
  A redback (Spider:4)
  A wyvern (Lair:3)
  A tarantella (Spider:4)
  A glowing shapeshifter simulacrum (IceCv)
  An electric eel (Lair:4)
23 creatures vanquished.

Vanquished Creatures (others)
  A fire giant (Depths:5)
  A reaper (Geh:4)
  A very ugly thing (Depths:2)
  A stone giant (Depths:2)
  A spark wasp (Spider:4)
  A hydra (D:15)
  2 hell hogs
  A sun demon (Geh:7)
  An orc sorcerer (Elf:3)
  A smoke demon (Hell)
  A jumping spider (Spider:4)
  A merfolk (Shoals:1)
  An ettin skeleton (Abyss:3)
  A shadow (Geh:4)
  A gnoll (D:7)
  An ufetubus (Abyss:2)
  An orc (Vaults:5)
  2 bushes (Lair:5)
  3 demonic plants (Gauntlet)
  2 fire vortices (Lair:4)
  34 fungi
  106 plants
  14 starspawn tentacles
  3 tentacles (Abyss:2)
  12 withered plants (Lair:6)
194 creatures vanquished.

Grand Total: 2967 creatures vanquished

Notes
Turn   | Place    | Note
-------+----------+-------------------------------------------
     0 | D:1      | dracomuter the Ghoul Fighter began the quest for the Orb.
     0 | D:1      | Reached XP level 1. HP: 19/19 MP: 0/0
    34 | D:1      | Found Tesuimn's Antique Armour Shoppe.
   810 | D:1      | Reached XP level 2. HP: 25/26 MP: 1/1
   944 | D:1      | Found a faded altar of an unknown god.
  1135 | D:2      | Found Woup's Antique Weapon Emporium.
  1212 | D:2      | Reached XP level 3. HP: 28/31 MP: 2/2
  1911 | D:2      | Reached XP level 4. HP: 40/40 MP: 3/3
  2420 | D:3      | Reached skill level 4 in Fighting
  2420 | D:3      | Reached XP level 5. HP: 12/46 MP: 4/4
  2831 | D:3      | Found a broken altar of Ashenzari.
  2836 | D:3      | Found a sacrificial altar of Ru.
  2836 | D:3      | Found a blossoming altar of Fedhas.
  2839 | D:3      | Found a sparkling altar of Nemelex Xobeh.
  2841 | D:3      | Found an iron altar of Okawaru.
  2842 | D:3      | Found a shimmering altar of Xom.
  2969 | D:3      | Noticed Robin
  3187 | D:3      | Killed Robin
  3276 | D:3      | Reached XP level 6. HP: 29/53 MP: 5/5
  3636 | D:1      | Bought a glowing cloak for 172 gold pieces
  3688 | D:3      | Found Baseuf's General Store.
  3694 | D:3      | Bought a throwing net for 33 gold pieces
  4164 | D:4      | Identified a scroll of acquirement
  4164 | D:4      | Acquired a +4 broad axe of freezing
  4206 | D:4      | Found a staircase to the Ecumenical Temple.
  4217 | Temple   | Entered the Ecumenical Temple
  4799 | D:4      | Noticed Ijyb
  4828 | D:4      | Killed Ijyb
  5105 | D:4      | Noticed Grinder
  5118 | D:4      | Reached XP level 7. HP: 60/60 MP: 6/6
  5138 | D:4      | Paralysed by Grinder for 3 turns
  5143 | D:4      | Killed Grinder
  5144 | D:4      | Reached skill level 5 in Fighting
  5144 | D:4      | Reached skill level 5 in Axes
  5301 | D:4      | Found a radiant altar of Vehumet.
  5531 | D:4      | Found a burning altar of Makhleb.
  5531 | D:4      | Noticed an Executioner
  5534 | D:4      | Noticed a ynoxinul
  5534 | D:4      | Noticed a ynoxinul
  5536 | D:4      | Became a worshipper of Makhleb the Destroyer
  5594 | D:5      | Entered Level 5 of the Dungeon
  5819 | D:5      | Identified the ring of Rallecw {Will+ Dex+2}
  5824 | D:5      | Reached XP level 8. HP: 61/68 MP: 7/7
  5892 | D:4      | Reached skill level 1 in Invocations
  6707 | D:5      | Reached skill level 6 in Fighting
  6707 | D:5      | Reached skill level 5 in Shields
  7045 | D:6      | Noticed Sigmund
  7236 | D:6      | Found a sand-covered staircase.
  7245 | Ossuary  | Entered an ossuary
  7286 | Ossuary  | Reached * piety under Makhleb
  7349 | Ossuary  | Noticed a wraith
  7349 | Ossuary  | Noticed a flying skull
  7366 | Ossuary  | Noticed a flying skull
  7377 | Ossuary  | Noticed a flying skull
  7402 | Ossuary  | Noticed a flying skull
  7413 | Ossuary  | Noticed a flying skull
  7859 | D:5      | Reached XP level 9. HP: 50/75 MP: 10/10
  8383 | D:6      | Killed Sigmund
  8580 | D:6      | Found a basalt altar of Yredelemnul.
  9061 | D:7      | Noticed a deep elf pyromancer
  9241 | D:7      | Reached ** piety under Makhleb
  9256 | D:6      | Killed a deep elf pyromancer
  9257 | D:6      | Reached skill level 7 in Fighting
  9491 | D:7      | Reached skill level 5 in Invocations
  9502 | D:6      | Reached XP level 10. HP: 75/86 MP: 12/12
  9605 | D:7      | Found a transporter.
  9956 | D:7      | Found a transporter.
  9960 | D:7      | Noticed sm0rk's ghost (novice HONe)
 10277 | D:8      | You fall into a shaft and drop 2 floors!
 10277 | D:10     | Entered Level 10 of the Dungeon
 10427 | D:9      | Reached skill level 8 in Fighting
 10595 | D:9      | Noticed a deep elf pyromancer
 10611 | D:9      | Killed a deep elf pyromancer
 10709 | D:9      | Noticed a two-headed ogre
 10714 | D:9      | Killed a two-headed ogre
 11084 | D:8      | Noticed a two-headed ogre
 11090 | D:8      | Killed a two-headed ogre
 11366 | D:8      | Reached XP level 11. HP: 70/95 MP: 15/15
 12009 | D:8      | Found a staircase to the Lair.
 12416 | D:9      | Reached skill level 9 in Fighting
 12416 | D:9      | Reached skill level 10 in Axes
 12743 | D:9      | Acquired the ring "Yqinoac" {Will+ Dex-2 Slay+5}
 12788 | D:9      | Noticed Gastronok
 12974 | D:8      | Reached *** piety under Makhleb
 13085 | D:9      | Killed Gastronok
 14592 | D:11     | Noticed Urug
 14601 | D:11     | Killed Urug
 14859 | D:11     | Noticed a two-headed ogre
 14860 | D:11     | Noticed a two-headed ogre
 14876 | D:11     | Killed a two-headed ogre
 14877 | D:11     | Reached XP level 12. HP: 26/106 MP: 17/17
 14883 | D:11     | Killed a two-headed ogre
 14884 | D:11     | Reached skill level 10 in Fighting
 15177 | D:11     | Found Suafonk's Armour Shoppe.
 15183 | D:11     | Bought a +4 scale mail of poison resistance for 336 gold
                  | pieces
 15394 | D:11     | Noticed a centaur warrior
 15411 | D:11     | HP: 1/106 [centaur warrior/arrow (27)]
 15600 | D:11     | Found Yguyhosm's Antique Armour Shoppe.
 16166 | D:11     | Killed a centaur warrior
 17060 | D:11     | Reached **** piety under Makhleb
 17476 | D:12     | Noticed a two-headed ogre
 17483 | D:11     | Killed a two-headed ogre
 17500 | D:12     | Noticed a two-headed ogre
 17514 | D:12     | Killed a two-headed ogre
 17599 | D:12     | Noticed a boulder beetle
 17616 | D:12     | Killed a boulder beetle
 17742 | D:12     | Noticed a two-headed ogre
 17756 | D:12     | Killed a two-headed ogre
 17757 | D:12     | Reached skill level 11 in Fighting
 17757 | D:12     | Reached XP level 13. HP: 116/116 MP: 19/19
 17916 | D:12     | Found a staircase to the Orcish Mines.
 17930 | Orc:1    | Entered Level 1 of the Orcish Mines
 18184 | Orc:1    | Reached ***** piety under Makhleb
 18190 | Orc:1    | Noticed Harold
 18211 | Orc:1    | Killed Harold
 18465 | Orc:1    | Found Wukud's Book Emporium.
 18669 | Orc:1    | Reached skill level 10 in Invocations
 18936 | Orc:2    | Entered Level 2 of the Orcish Mines
 18942 | Orc:2    | Found Hiloffyng's Antique Armour Shop.
 19377 | D:11     | Bought a transparent plate armour for 644 gold pieces
 19377 | D:11     | Identified the +4 plate armour "Porr" {rF+ rC- Slay+2
                  | Stlth+} (You bought it in a shop on level 11 of the
                  | Dungeon)
 19515 | Lair:1   | Entered Level 1 of the Lair of Beasts
 19523 | Lair:1   | Found a gate leading to a gauntlet.
 19541 | Gauntlet | Entered a Gauntlet
 19541 | Gauntlet | Found a transporter.
 19550 | Gauntlet | Found a transporter.
 19553 | Gauntlet | Found a transporter.
 19554 | Gauntlet | Found a transporter.
 19565 | Gauntlet | Found a transporter.
 19565 | Gauntlet | Found a transporter.
 19566 | Gauntlet | Found a transporter.
 19577 | Gauntlet | Found a transporter.
 19578 | Gauntlet | Found a transporter.
 19586 | Gauntlet | Found a transporter.
 19589 | Gauntlet | Found a transporter.
 19590 | Gauntlet | Found a transporter.
 19606 | Gauntlet | Found a transporter.
 19634 | Gauntlet | Found a transporter.
 20117 | Gauntlet | Identified the +0 pair of boots of Prudence {Dex+6 Slay-4}
 20183 | Gauntlet | Reached skill level 5 in Armour
 20552 | Gauntlet | Identified the +12 flail of Biegozegh {venom, Str+5}
 20595 | Gauntlet | Noticed a minotaur
 20625 | Gauntlet | Killed a minotaur
 20626 | Gauntlet | Reached skill level 10 in Shields
 22106 | Lair:2   | Reached skill level 12 in Fighting
 22496 | Lair:2   | Identified the +3 falchion "Monnehae" {freeze, rF+ MP+9
                  | Str+4}
 22807 | Lair:3   | Found a frozen archway.
 22813 | IceCv    | Entered an ice cave
 22843 | IceCv    | Reached XP level 14. HP: 108/126 MP: 20/20
 23020 | IceCv    | Noticed a quicksilver ooze
 23024 | IceCv    | Killed a quicksilver ooze
 23045 | IceCv    | Noticed a quicksilver ooze
 23060 | IceCv    | Killed a quicksilver ooze
 23457 | IceCv    | Found a viscous altar of Jiyva.
 23457 | IceCv    | Noticed an azure jelly
 23460 | IceCv    | Noticed a quicksilver ooze
 23463 | IceCv    | Killed an azure jelly
 23467 | IceCv    | Killed a quicksilver ooze
 23486 | IceCv    | Got the +10 mace "Oruemon" {freeze, Will+++}
 23740 | IceCv    | Identified the +1 robe of Responsibility {rC+ Stlth+}
 23942 | Lair:3   | Found a hole to the Spider Nest.
 23987 | Lair:3   | Noticed Sonja
 23998 | Lair:3   | Reached skill level 13 in Fighting
 24027 | Lair:2   | Acquired 1087 gold pieces
 24308 | Lair:3   | Killed Sonja
 24328 | Lair:3   | Found a staircase to the Shoals.
 25688 | Lair:4   | Identified the +9 spear "Woack" {holy, rElec Str+6}
 25689 | Lair:4   | Found a runed translucent door.
 25689 | Lair:4   | Noticed Fifowuza's ghost (journeyman DrTm)
 25711 | Lair:3   | Killed Fifowuza's ghost
 26121 | Lair:5   | Found the +13 scythe of Curses {drain, Drain}
 26407 | Lair:5   | Reached XP level 15. HP: 137/137 MP: 21/21
 26516 | Lair:5   | Found a viscous altar of Jiyva.
 26517 | Lair:5   | Found a staircase to the Slime Pits.
 26531 | Slime:1  | Entered Level 1 of the Pits of Slime
 26531 | Slime:1  | Noticed an acid blob
 26901 | Lair:5   | Reached skill level 14 in Fighting
 26942 | Lair:5   | Reached ****** piety under Makhleb
 27333 | Lair:6   | Entered Level 6 of the Lair of Beasts
 27754 | Lair:6   | Acquired a manual of Shields
 29467 | Orc:2    | Noticed an orc warlord
 29490 | Orc:2    | Killed an orc warlord
 29584 | Orc:2    | Reached skill level 15 in Axes
 29608 | Orc:2    | Found Houdemymm's Book Emporium.
 29660 | Orc:2    | Found Uzesed's Antique Weapon Emporium.
 29750 | Orc:2    | Noticed an orc warlord
 29822 | Orc:1    | Killed an orc warlord
 30032 | Orc:2    | Reached XP level 16. HP: 147/147 MP: 22/22
 30074 | Orc:1    | Reached skill level 15 in Fighting
 30107 | Orc:1    | Found Iren's Book Shoppe.
 30202 | Orc:1    | Found Jagith's Armour Shop.
 30268 | Orc:2    | Found Sicaut's Magic Scroll Shop.
 30276 | Orc:2    | Bought a scroll of enchant weapon for 135 gold pieces
 30276 | Orc:2    | Bought a scroll of fear for 63 gold pieces
 30276 | Orc:2    | Bought a scroll of enchant weapon for 135 gold pieces
 30276 | Orc:2    | Bought a scroll of fog for 36 gold pieces
 30276 | Orc:2    | Bought a scroll of fear for 63 gold pieces
 30276 | Orc:2    | Bought a scroll of fog for 36 gold pieces
 30624 | Orc:2    | Found Gach's General Store.
 30626 | Orc:2    | Found a staircase to the Elven Halls.
 30632 | Orc:2    | Bought a scroll of brand weapon for 260 gold pieces
 30632 | Orc:2    | Bought the amulet of Vitality {Regen+ HP+15} for 1027 gold
                  | pieces
 30632 | Orc:2    | Found the amulet of Vitality {Regen+ HP+15}
 30632 | Orc:2    | Bought a potion of haste for 130 gold pieces
 30632 | Orc:2    | Bought a scroll of blinking for 97 gold pieces
 30690 | Elf:1    | Entered Level 1 of the Elven Halls
 31482 | D:13     | Found a sparkling altar of Nemelex Xobeh.
 31521 | D:13     | Reached skill level 15 in Shields
 31806 | D:13     | Noticed Azrael
 31838 | D:13     | Killed Azrael
 32179 | D:13     | Found a runed translucent gate.
 32179 | D:13     | Found a runed translucent gate.
 32179 | D:13     | Found a runed translucent gate.
 32179 | D:13     | Noticed RichitheSlayer's ghost (adept HuBe)
 33027 | D:13     | Killed RichitheSlayer's ghost
 33317 | D:13     | Identified the +8 trident of Symmetry {speed, Str+3}
 33804 | D:14     | Noticed Frances
 33826 | D:14     | Killed Frances
 34197 | D:14     | Reached skill level 16 in Fighting
 34205 | D:14     | Reached skill level 1 in Dodging
 34639 | D:14     | Found a gate to the Vaults.
 35054 | D:15     | Entered Level 15 of the Dungeon
 35152 | D:15     | Reached XP level 17. HP: 159/159 MP: 23/23
 36859 | D:15     | Found a staircase to the Depths.
 37360 | Spider:1 | Entered Level 1 of the Spider Nest
 37692 | Spider:1 | Reached skill level 5 in Dodging
 38465 | Spider:1 | Reached skill level 17 in Fighting
 40471 | Spider:4 | Entered Level 4 of the Spider Nest
 41247 | Spider:3 | Reached XP level 18. HP: 171/171 MP: 24/24
 41592 | Spider:4 | Reached skill level 18 in Fighting
 43381 | Spider:4 | Got a gossamer rune of Zot
 43485 | Shoals:1 | Entered Level 1 of the Shoals
 43666 | Shoals:1 | Identified the +9 flail of Suicidal Tendencies {spect,
                  | rPois rC+++ Dex+4 Stlth-}
 44797 | Shoals:2 | Found Wesuigil's Distillery.
 45299 | Shoals:2 | Reached skill level 19 in Fighting
 45302 | Shoals:2 | Bought a potion of curing for 48 gold pieces
 45302 | Shoals:2 | Bought a potion of cancellation for 128 gold pieces
 45302 | Shoals:2 | Bought a potion of curing for 48 gold pieces
 45302 | Shoals:2 | Bought a potion of resistance for 160 gold pieces
 45302 | Shoals:2 | Bought a potion of heal wounds for 80 gold pieces
 45846 | Shoals:3 | Found a flickering gateway to a bazaar.
 45871 | Bazaar   | Entered a bazaar
 46173 | Bazaar   | Found Onoitsic's Jewellery Shoppe.
 46203 | Bazaar   | Found Ezxicwut's Book Boutique.
 46239 | Bazaar   | Found Vymiwain's Jewellery Shoppe.
 46269 | Bazaar   | Found Icevaogo's Jewellery Shoppe.
 46334 | Bazaar   | Bought the ring "Mekiu" {Fly rPois rF+ Will++ Str-5} for
                  | 504 gold pieces
 46334 | Bazaar   | Bought an amulet of reflection for 450 gold pieces
 46828 | Shoals:3 | Reached XP level 19. HP: 183/183 MP: 25/25
 46893 | Shoals:3 | Noticed Jorgrun
 46899 | Shoals:3 | Killed Jorgrun
 47017 | Shoals:3 | Identified the +3 cloak of Divine Contentment {rCorr}
 47559 | Shoals:4 | Entered Level 4 of the Shoals
 47559 | Shoals:4 | Found a stormy altar of Qazlal.
 47849 | Shoals:4 | Paralysed by an air elemental for 1 turns
 47854 | Shoals:4 | Paralysed by an air elemental for 1 turns
 47888 | Shoals:4 | Noticed Louise
 47889 | Shoals:4 | Found a stormy altar of Qazlal.
 48096 | Shoals:4 | Killed Louise
 48231 | Shoals:4 | Reached skill level 20 in Fighting
 48528 | Shoals:4 | Paralysed by an air elemental for 1 turns
 48533 | Shoals:4 | Paralysed by an air elemental for 1 turns
 48537 | Shoals:4 | Paralysed by an air elemental for 1 turns
 49215 | Shoals:4 | Identified the +4 falchion of a wizard's laboratory {flame,
                  | +Blink rN+ rCorr}
 49219 | Shoals:4 | Identified the +4 hand crossbow of the Desolation of Salt
                  | {penet, rF+}
 49224 | Shoals:4 | Got a barnacled rune of Zot
 49449 | Shoals:4 | Reached skill level 21 in Fighting
 49882 | Vaults:1 | Entered Level 1 of the Vaults
 50695 | Vaults:1 | Acquired 493 gold pieces
 50845 | Vaults:1 | Reached XP level 20. HP: 198/198 MP: 26/26
 51426 | Vaults:2 | Reached skill level 1 in Evocations
 51681 | Vaults:2 | Noticed Jory
 51697 | Vaults:2 | Killed Jory
 52457 | Vaults:2 | Reached skill level 22 in Fighting
 52471 | Vaults:2 | Found Eril's Weapon Shop.
 52486 | Vaults:2 | Found Vevucsolao's Magic Scroll Shoppe.
 52490 | Vaults:2 | Bought a scroll of blinking for 150 gold pieces
 52490 | Vaults:2 | Bought a scroll of teleportation for 60 gold pieces
 52490 | Vaults:2 | Bought a scroll of teleportation for 60 gold pieces
 52490 | Vaults:2 | Bought a scroll of teleportation for 60 gold pieces
 52490 | Vaults:2 | Bought a scroll of teleportation for 60 gold pieces
 52490 | Vaults:2 | Bought a scroll of silence for 150 gold pieces
 52498 | Vaults:2 | You are sucked into a shaft and drop 1 floor!
 52841 | Vaults:3 | Reached XP level 21. HP: 207/207 MP: 27/27
 52909 | Vaults:3 | Reached skill level 5 in Evocations
 54569 | Vaults:3 | Found a staircase to the Crypt.
 55224 | Vaults:4 | Noticed Margery
 56152 | Vaults:4 | Reached XP level 22. HP: 211/217 MP: 28/28
 57371 | Vaults:4 | Killed Margery
 58055 | D:3      | Bought a scroll of enchant armour for 82 gold pieces
 58055 | D:3      | Bought a scarf of resistance for 352 gold pieces
 58665 | Depths:1 | Entered Level 1 of the Depths
 58885 | Depths:1 | Found a one-way gate leading to the halls of Pandemonium.
 58977 | Depths:1 | Noticed the Enchantress
 59003 | D:15     | Cast into level 2 of the Abyss (the Enchantress)
 59198 | Abyss:3  | Identified the +1 robe of Elitism {Will++}
 59216 | Abyss:3  | Found an iron altar of Okawaru.
 59372 | Abyss:3  | Reached skill level 23 in Fighting
 59425 | Abyss:3  | Paralysed by accursed screaming for 2 turns
 59430 | Abyss:3  | Paralysed by accursed screaming for 2 turns
 59437 | Abyss:3  | Paralysed by accursed screaming for 2 turns
 59439 | D:15     | Escaped the Abyss
 59866 | D:15     | Killed the Enchantress
 60403 | Depths:1 | Found a sacrificial altar of Ru.
 61057 | Depths:1 | Found a gateway to Hell.
 61077 | Depths:1 | Acquired a manual of Shields
 61715 | Depths:2 | Reached XP level 23. HP: 227/227 MP: 29/29
 61727 | Depths:2 | Noticed a caustic shrike
 61730 | Depths:2 | Noticed a caustic shrike
 61735 | Depths:2 | Noticed a caustic shrike
 61736 | Depths:2 | Noticed a caustic shrike
 61745 | Depths:2 | Noticed a caustic shrike
 61746 | Depths:2 | Killed a caustic shrike
 61747 | Depths:2 | Killed a caustic shrike
 61748 | Depths:2 | Killed a caustic shrike
 61749 | Depths:2 | Killed a caustic shrike
 61749 | Depths:2 | Killed a caustic shrike
 61765 | Depths:2 | Reached skill level 10 in Armour
 61827 | Depths:2 | Noticed a caustic shrike
 61828 | Depths:2 | Noticed a caustic shrike
 61865 | Depths:2 | Killed a caustic shrike
 61880 | Depths:2 | Noticed a caustic shrike
 61881 | Depths:2 | Noticed a golden dragon
 62069 | Depths:2 | Found a runed translucent gate.
 62070 | Depths:2 | Found a runed translucent gate.
 62070 | Depths:2 | Noticed a golden dragon
 62070 | Depths:2 | Noticed Xachuts's ghost (adept DgCj)
 62072 | Depths:2 | Found a runed translucent gate.
 62216 | Depths:2 | Noticed a caustic shrike
 62222 | Depths:2 | Killed a caustic shrike
 62229 | Depths:2 | Killed a caustic shrike
 62234 | Depths:2 | Killed a caustic shrike
 62243 | Depths:2 | Noticed a caustic shrike
 62263 | Depths:2 | Killed a caustic shrike
 62875 | Depths:2 | Killed a golden dragon
 62905 | Depths:2 | Reached XP level 24. HP: 202/237 MP: 29/29
 63082 | Depths:2 | Identified the +1 long sword of Arbitration {vorpal, rElec
                  | rC+ rN+ Stlth-}
 63398 | Depths:2 | Reached skill level 24 in Fighting
 64643 | Depths:2 | Killed Xachuts's ghost
 64671 | Depths:2 | Identified the ring "Itwoef" {Fire *Slow rPois Str+5 SInv}
 64737 | Depths:3 | Found a gateway to a ziggurat.
 65088 | Depths:3 | Found Foisuerph's Antique Armour Shoppe.
 65092 | Depths:3 | Found Jama's Weapon Shoppe.
 65096 | Depths:3 | Bought a slimy tower shield for 275 gold pieces
 65096 | Depths:3 | Identified the +3 tower shield of Duck's Teeth {Rampage
                  | rF+} (You bought it in a shop on level 3 of the Depths)
 65425 | Depths:3 | Found a transporter.
 65433 | Depths:3 | Found a transporter.
 65717 | Depths:3 | Noticed Sojobo
 65735 | Depths:3 | Killed Sojobo
 66202 | Depths:4 | Noticed a juggernaut
 66218 | Depths:4 | Identified the +2 great sword of No Interval {vorpal, Drain
                  | Will++ Stlth+}
 66237 | Depths:4 | Killed a juggernaut
 66414 | Depths:4 | Paralysed by a floating eye for 4 turns
 66497 | Depths:4 | Reached XP level 25. HP: 223/247 MP: 29/29
 66728 | Depths:4 | Found a one-way gate to the infinite horrors of the Abyss.
 67160 | Depths:5 | Entered Level 5 of the Depths
 67817 | Depths:5 | Noticed a dread lich
 67829 | Depths:5 | Killed a dread lich
 67830 | Depths:5 | Reached skill level 25 in Fighting
 68284 | Depths:5 | Paralysed by a floating eye for 3 turns
 68289 | Depths:5 | Paralysed by a floating eye for 3 turns
 68958 | Depths:5 | Found a gate to the Realm of Zot.
 69715 | Lair:5   | Reached XP level 26. HP: 258/258 MP: 29/29
 70215 | Slime:5  | Entered Level 5 of the Pits of Slime
 70513 | Slime:5  | Noticed the Royal Jelly
 70514 | Slime:5  | Found a viscous altar of Jiyva.
 70521 | Slime:5  | Killed the Royal Jelly
 70561 | Slime:5  | Identified the amulet "Vil Meca" {Regen+ rCorr Str+3 Int-4
                  | Dex+7}
 70594 | Slime:5  | Identified the +5 plate armour of the Bard {Regen+ Int+4
                  | Dex-4}
 70601 | Slime:5  | Identified the +0 robe of Daffodils {rN+ rCorr Str-3
                  | Slay+2}
 70603 | Slime:5  | Got a slimy rune of Zot
 71260 | Vaults:5 | Entered Level 5 of the Vaults
 71324 | Vaults:4 | Reached skill level 26 in Fighting
 71909 | Vaults:5 | Noticed a dread lich
 71921 | Vaults:5 | Killed a dread lich
 71998 | Vaults:5 | Reached skill level 27 in Fighting
 72069 | Vaults:5 | Reached XP level 27. HP: 273/273 MP: 29/29
 72075 | Vaults:5 | Noticed a dread lich
 72096 | Vaults:5 | Killed a dread lich
 72449 | Vaults:5 | Identified the +3 robe "Faeledgh" {rElec rN+ Regen+ Dex+3}
 72561 | Vaults:5 | Got a silver rune of Zot
 72567 | Vaults:5 | Got the Collected Works on Orientation and Flight
 73068 | Vaults:5 | Identified the ring of Riavea Nenapn {Contam rN+ EV+4
                  | Str+6}
 73075 | Vaults:5 | Identified the +3 leather armour of Bad Feelings {rPois
                  | rN+}
 73133 | Vaults:5 | Identified the +9 hunting sling "Demeleun" {freeze, Dex+4
                  | Stlth+}
 73196 | Vaults:5 | Identified the +0 scale mail of Voiret {Harm rPois Int-5}
 73358 | Vaults:5 | Identified the +0 robe of Apathy {Will+ Str+2 Int+2}
 74226 | Elf:1    | Acquired a manual of Invocations
 74228 | Elf:1    | Acquired a manual of Evocations
 74698 | Elf:2    | Noticed Roxanne
 74707 | Elf:2    | Killed Roxanne
 74962 | Elf:2    | Found a runed translucent gate.
 74963 | Elf:2    | Found a runed translucent gate.
 74963 | Elf:2    | Found a runed translucent gate.
 75413 | Elf:2    | Reached skill level 10 in Dodging
 75600 | Elf:2    | Reached skill level 10 in Evocations
 75768 | Elf:3    | Entered Level 3 of the Elven Halls
 76320 | Elf:3    | Identified the +2 scimitar "Uriutref" {drain, Drain rElec
                  | rF+ Int+4}
 76335 | Elf:3    | Reached skill level 15 in Invocations
 76396 | Elf:3    | Identified the +3 spear "Suiw" {drain, +Rage rPois}
 76473 | Elf:3    | Identified the +7 glaive "Arhoi" {vorpal, rElec}
 76473 | Elf:3    | Identified the amulet of Wiv Ejaa {Spirit rN+ Int+5}
 76617 | Elf:3    | Found Jaath's Armour Shoppe.
 76621 | Elf:3    | Found Yntotzox's Weapon Emporium.
 76727 | Elf:3    | Identified the ring "Idos" {Drain Fly rElec rF+ rC++}
 76730 | Elf:3    | Identified the +8 short sword "Vibito" {vorpal, rPois SInv}
 76931 | Elf:3    | Found Wian's Magic Scroll Emporium.
 76933 | Elf:3    | Found a large runed translucent door.
 76933 | Elf:3    | Found a large runed translucent door.
 76938 | Elf:3    | Bought a scroll of fog for 22 gold pieces
 76938 | Elf:3    | Bought a scroll of teleportation for 33 gold pieces
 76938 | Elf:3    | Bought a scroll of silence for 82 gold pieces
 76938 | Elf:3    | Bought a scroll of teleportation for 33 gold pieces
 76938 | Elf:3    | Bought a scroll of magic mapping for 38 gold pieces
 76938 | Elf:3    | Bought a scroll of enchant armour for 82 gold pieces
 76938 | Elf:3    | Bought a scroll of fear for 38 gold pieces
 76994 | Elf:3    | Noticed Rrauwl's ghost (adept MiAK)
 77155 | Elf:3    | Killed Rrauwl's ghost
 77545 | Depths:4 | Voluntarily entered the Abyss.
 77605 | Abyss:1  | Found a corrupted altar of Lugonu.
 78039 | Depths:4 | Escaped the Abyss
 78041 | Depths:4 | Voluntarily entered the Abyss.
 78184 | Abyss:2  | Found a bloodstained altar of Trog.
 78247 | Abyss:2  | Reached skill level 15 in Evocations
 78591 | Abyss:3  | Got an abyssal rune of Zot
 78648 | Abyss:3  | Noticed an ancient lich
 78660 | Abyss:3  | Killed an ancient lich
 78923 | Depths:4 | Escaped the Abyss
 78933 | Hell     | Entered the Vestibule of Hell
 78933 | Hell     | Noticed Geryon
 79763 | Depths:4 | You are sucked into a shaft and drop 1 floor!
 80644 | Hell     | Killed Geryon
 80665 | Hell     | Found a gateway to the freezing wastes of Cocytus.
 80825 | Hell     | Found a gateway to the decaying netherworld of Tartarus.
 80925 | Hell     | Found a gateway to the ashen valley of Gehenna.
 81052 | Hell     | Found a gateway to the Iron City of Dis.
 81607 | Vaults:2 | Bought a scroll of enchant weapon for 150 gold pieces
 82339 | Geh:1    | Entered Level 1 of Gehenna
 82655 | Geh:2    | Reached skill level 15 in Armour
 82691 | Geh:2    | Learned a level 2 spell: Blink
 82809 | Geh:2    | Reached skill level 1 in Translocations
 82827 | Geh:2    | Reached skill level 1 in Spellcasting
 83315 | Geh:4    | Reached skill level 5 in Translocations
 83505 | Geh:5    | Reached skill level 5 in Spellcasting
 83843 | Geh:7    | Entered Level 7 of Gehenna
 83949 | Geh:7    | Noticed the Serpent of Hell
 83975 | Geh:7    | Killed the Serpent of Hell
 83976 | Geh:7    | Reached skill level 10 in Translocations
 84607 | Geh:7    | HP: 3/273 [Brimstone Fiend/damnation (43)]
 84608 | Geh:7    | Killed from afar by a Brimstone Fiend

Illustrated notes

Levels and vault maps discovered:
D:1:      dpeg_arrival_renting, layout_loops_ring,
          hellmonk_ecumenical_altar_inner_sanctum, serial_shops,
          nicolae_shop_overgrown_old_shop
D:2:      minmay_wonky_spiral, layout_loops_ring, serial_shops, shop_coins
D:3:      layout_loops_corners, grunt_temple_overflow_open, serial_shops,
          nicolae_shop_stone, uniq_robin
D:4:      layout_loops_ring, vehumet_crystals, makhleb_altar_promises_db,
          minmay_temple_entry_waves, grunt_ministairs_1, uniq_ijyb, uniq_grinder
D:5:      layout_gridville
D:6:      layout_basic, lemuel_zombie_altar_yredelemnul,
          nicolae_ossuary_entry_monument, uniq_sigmund
D:7:      layout_rooms, gammafunk_ghost_arena, kennysheep_generic_room_3
D:8:      layout_cave_pods, david_lair_shrubbed
D:9:      layout_roguey, mainiacjoe_overflow_small_starburst,
          kennysheep_just_a_vault, uniq_gastronok
D:10:     minmay_evil_eye, layout_irregular_city
D:11:     layout_basic, serial_shops, shop, shop, onia_ninara_cookie, uniq_urug
D:12:     layout_irregular_city, orc_0_dummy
D:13:     layout_basic, gammafunk_ghost_spectres,
          chequers_serial_rivers_micro_c, nemelex_spade_bored_becter,
          uniq_azrael
D:14:     minmay_polygon_palace, layout_irregular_city, david_vaults_4,
          minmay_door_square, uniq_frances
D:15:     hangedman_depths_entry_try_elsewhere_first, layout_grid_maze,
          ebering_dispersal_statue_hall, fungi_pond_lemuel
Temple:   minmay_temple_bridge_abc
Lair:1:   layout_cave_pods, gauntlet_entry_generic, serial_bayou_pond_b,
          st_stairs_4, beast_lair_carwin_8
Lair:2:   layout_chaotic_city, serial_bayou_pond_d
Lair:3:   layout_long_grid, shoals_dummy_entry, spider_nest_entry_webs,
          portal_ice_cave_entry_pillars_1, nicolae_volcano_entry_batcave,
          grunt_megastairs_1, uniq_sonja
Lair:4:   layout_gridlike, ebering_ghost_funeral_grove, ldierk_geyser,
          serial_bayou_lagoon_a
Lair:5:   beast_lair_carwin_large_3, layout_regular_city, slime_altar_1
Lair:6:   due_jungle_book, layout_gridlike, grunt_megastairs_4
Shoals:1: layout_shoals
Shoals:2: layout_shoals, serial_shops, shop
Shoals:3: layout_shoals, serial_shops, bzr_entry_road,
          nicolae_shoals_undead_eyrie, uniq_jorgrun
Shoals:4: shoals_end_hellmonk_storm_palace [storm_palace_center_circular,
          storm_palace_corner_grid, storm_palace_corner_altar,
          storm_palace_corner_pillars, storm_palace_corner_altar], serial_shops,
          uniq_louise
Spider:1: layout_spider_delve
Spider:2: layout_spider_delve, nicolae_spider_webs_and_nodes
Spider:3: layout_spider_delve
Spider:4: grunt_spider_rune_island, hangedman_spider_tarantella_strand
Slime:1:  layout_caves
Slime:2:  layout_caves, cheibrodos_slime_lost_civilization_5
Slime:3:  layout_caves
Slime:4:  layout_caves
Slime:5
Orc:1:    cheibrodos_orc_bank, layout_caves, serial_shops,
          nicolae_shop_waterfront, nicolae_shop_waterfront, shop_coins,
          roderic_batcave, uniq_harold
Orc:2:    grunt_orc_gardens, layout_diamond_mine, grunt_orc_garden,
          grunt_orc_garden, grunt_orc_garden, grunt_orc_garden, serial_shops,
          nicolae_shop_temple_entry_statues_fountains, statue_in_the_mist_lemuel
Elf:1:    elf_arrival_001, layout_gridlike, minivault_28
Elf:2:    nicolae_elf_blades_crystal_corner, layout_loops_corners, uniq_roxanne
Elf:3:    minmay_elf_hall_quartered_circle, layout_geoelf_grid,
          ebering_ghost_disaster_area, serial_shops, nicolae_diamond_shop,
          minmay_misc_feat_alley, minmay_shoptagon
Vaults:1: v_alt_pattern_3, nicolae_vaults_lopsided_apartments, v_misc_15,
          grunt_vaults_twisty, ontoclasm_vaults_claustrophobia,
          hangedman_vaults_river_flow, nicolae_vaults_network_barrier,
          v_misc_26, ontoclasm_vaults_eye, vaults_dpeg_encased_lava,
          vaults_room_corners, layout_vaults_ring, serial_glass
Vaults:2: vaults_room_fours, vaults_room_hangedman_quadrants,
          nicolae_vaults_network_star, ontoclasm_vaults_fault,
          nicolae_vaults_theta, v_misc_16, dpeg_vaults_monster_box,
          layout_vaults_big_room, serial_shops, nicolae_shop_trees, uniq_jory
Vaults:3: v_rooms_4, vaults_mumra_chevron, nicolae_vaults_sealed_display,
          nicolae_vaults_circle_grid_a, v_misc_2,
          minmay_crypt_entry_simple_sparse, nicolae_vaults_network_s,
          vaults_mumra_minichess, v_misc_2, v_alt_pattern_3,
          grunt_vaults_hallway_short, layout_vaults_big_cross
Vaults:4: v_misc_18, ontoclasm_vaults_decontamination, vaults_room_door_ring,
          ontoclasm_vaults_chip, grunt_vaults_focal, vaults_room_door_ring,
          layout_vaults_omnigrid, uniq_margery
Vaults:5
Depths:1: layout_cave_pools, grunt_decor_arrowhead, grunt_hell_entry_dis_old,
          grunt_pan_entry_sceptre, hex_large, nicolae_ru_path_of_blood,
          uniq_enchantress
Depths:2: grunt_bent_corner, layout_gridlike, kennysheep_cross_landing,
          gammafunk_ghost_split, pf_hell_entry_tar_river, nicolae_two_hexagons,
          minmay_staircase_windowed_small
Depths:3: emtedronai_trogs_sanctum, layout_gridlike, ziggurat_fallback,
          hangedman_geh_valley, grunt_pan_entry_spiral,
          minmay_staircase_windowed_large, minmay_shop_star, uniq_sojobo
Depths:4: minmay_the_grid_octo_triangle [minmay_the_grid_octo_tetromino_candy,
          minmay_the_grid_octo_prize_ultimate_mussel_roller,
          minmay_the_grid_octo_checkered], layout_gridlike, abyss_entry,
          kennysheep_crisscross, hell_entry, hangedman_decor_points
Depths:5: grunt_runaround [grunt_runaround_doors_1, grunt_runaround_doors_2,
          grunt_runaround_doors_3, grunt_runaround_doors_4,
          grunt_runaround_zot], hell_entry, abyss_entry, pan_entry
Hell
Geh:1:    layout_gehenna_pools_box, nicolae_geh_fiery_graves
          [nicolae_geh_single_fiery_grave, nicolae_geh_single_fiery_grave,
          nicolae_geh_single_fiery_grave, nicolae_geh_single_fiery_grave,
          nicolae_geh_single_fiery_grave, nicolae_geh_single_fiery_grave,
          nicolae_geh_single_fiery_grave, nicolae_geh_single_fiery_grave,
          nicolae_geh_single_fiery_grave], nicolae_geh_single_fiery_grave,
          door_vault, grunt_megastairs_2
Geh:2:    grunt_deathspiral_small, layout_gehenna_lava_caves
Geh:3:    layout_gehenna_pools_basic
Geh:4:    layout_gehenna_pools_box, evilmike_ambush
          [evilmike_ambush_outer_pillars, evilmike_ambush_inner_basic]
Geh:5:    layout_gehenna_pools_box
Geh:6:    layout_gehenna_pools_triple
Geh:7:    geh_hangedman

Skill      XL: |  1  2  3  4  5  6  7  8  9 10 11 12 13 14 15 16 17 18 19 20 21 22 23 24 25 26 27 |
---------------+----------------------------------------------------------------------------------+-----
Axes           | 2 3 4 5 6 8 9 11 12 13 14 15 16 17 18 | 18.0
Armour         | 3 4 6 7 9 11 12 13 15 | 15.5
Shields        | 3 4 5 6 7 8 9 10 11 14 15 17 18 20 22 23 24 25 | 25.0
Fighting       | 4 5 6 7 8 9 11 12 13 14 16 17 19 21 22 23 24 25 27 | 27.0
Invocations    | 3 5 6 8 9 10 20 | 20.0
Dodging        | 3 6 7 8 12 | 12.5
Evocations     | 4 6 15 | 15.0
Translocations | 12 | 12.0
Spellcasting   | 5 |  5.0

Action                   |  1- 3 |  4- 6 |  7- 9 | 10-12 | 13-15 | 16-18 | 19-21 | 22-24 | 25-27 || total
-------------------------+-------+-------+-------+-------+-------+-------+-------+-------+-------++-------
Melee: War axe           |   126 |   200 |   331 |   658 |   240 |       |       |       |       ||  1555
       Flail             |       |       |       |       |   952 |  1295 |       |       |       ||  2247
       Broad axe         |       |       |       |       |       |   221 |  1075 |  1221 |  3440 ||  5957
Throw: Dart              |       |       |     7 |    21 |     8 |    55 |       |       |       ||    91
       Throwing net      |       |       |       |       |     2 |       |       |       |     2 ||     4
Invok: Minor Destruction |       |       |       |     4 |       |       |       |       |       ||     4
       Lesser Servant of |       |       |       |     3 |    20 |    24 |    10 |    19 |     8 ||    84
       Major Destruction |       |       |       |       |       |       |     1 |     3 |       ||     4
       Greater Servant o |       |       |       |       |       |       |       |     2 |       ||     2
Evoke: Wand              |       |     1 |     8 |    29 |    27 |    12 |     5 |    17 |    16 ||   115
       Lightning rod     |       |       |       |       |       |     1 |       |     8 |     4 ||    13
       Condenser vane    |       |       |       |       |       |       |       |     7 |     3 ||    10
       Phantom mirror    |       |       |       |       |       |       |       |     1 |       ||     1
       Tin of tremorston |       |       |       |       |       |       |       |       |     2 ||     2
  Use: Scroll            |       |    10 |     5 |    11 |    18 |    11 |     3 |     8 |    20 ||    86
       Potion            |       |     1 |     5 |     2 |     1 |     5 |     1 |     2 |     5 ||    22
 Stab: Distracted        |       |       |       |     1 |     1 |     2 |    15 |     9 |    20 ||    48
       Paralysed         |       |       |       |       |       |       |       |    10 |     4 ||    14
Armor: Scale mail        |    47 |    73 |   172 |   305 |   413 |   953 |   248 |       |       ||  2211
       Plate armour      |       |       |       |       |    18 |       |     6 |    24 |       ||    48
       Storm dragon scal |       |       |       |       |       |       |       |   354 |   804 ||  1158
Dodge: Dodged            |    49 |   102 |   212 |   327 |   447 |   632 |   236 |   169 |   444 ||  2618
Block: Kite shield       |    67 |   105 |   211 |   415 |   691 |  1113 |   437 |       |       ||  3039
       Reflection        |       |       |       |       |       |       |    44 |     9 |    70 ||   123
       Tower shield      |       |       |       |       |       |       |   194 |  1042 |  3434 ||  4670
